AoeStats
← kkkg

Arena

509485020Analyzed
2v2 RM · 5d ago on Sep 26, 2026· 50m 8s· 4 players
Game mode
Random Map
Map size
Medium (4 player)
Population
200
Speed
Normal
Resources
Standard
Victory
Conquest
Starting age
Dark Age
Ending age
Imperial Age
RankedLock teamsTeams togetherTeam positionsShared explorationLock speedFull tech treeHidden civsTurbo modeCheats
Victory
Defeat
🇨🇳 Burgundians · China
1001
+15
🇪🇨 Lithuanians · Ecuador
994
+15
🇬🇧 Armenians · United Kingdom
975
-15
🇬🇧 Britons · United Kingdom
970
-15
Jordan
11:00 Feudal Age
12:22 Loom
12:34 Arson
12:10 Man-at-Arms
13:17 Long Swordsman
15:17 Forging
15:16 Double-Bit Axe
17:28 Scale Mail Armor
23:40 Castle Age
23:07 Fletching
23:39 Pikeman
24:43 Squires
25:24 Wheelbarrow
24:35 Town Watch
28:21 Loom
28:51 Hand Cart
35:14 Imperial Age
33:11 Bow Saw
32:42 Horse Collar
35:03 Halberdier
37:07 Conscription
37:21 Ballistics
38:02 Chemistry
37:08 Gambesons
38:24 Two-Handed Swordsman
39:42 Champion
41:37 Champion
42:08 Elite Skirmisher
44:54 Hoardings
45:53 Fereters
47:54 Heavy Plow
47:46 Gold Mining
mattt_damon
9:34 Feudal Age
10:19 Double-Bit Axe
15:43 Castle Age
14:12 Horse Collar
14:38 Gold Mining
18:18 Stone Mining
19:04 Gold Shaft Mining
18:44 Bow Saw
18:40 Heavy Plow
20:33 Loom
21:42 Wheelbarrow
20:57 Loom
23:11 Hand Cart
27:08 Gold Shaft Mining
25:57 Pikeman
28:36 Forging
28:27 Scale Mail Armor
29:20 Fletching
29:30 Padded Archer Armor
30:40 Iron Casting
30:20 Chain Mail Armor
31:30 Town Watch
32:12 Padded Archer Armor
32:07 Bodkin Arrow
36:54 Imperial Age
38:08 Bodkin Arrow
38:28 Leather Archer Armor
39:57 Halberdier
41:34 Chain Mail Armor
44:02 Plate Mail Armor
44:32 Blast Furnace
46:30 Yeomen
49:40 Two-Man Saw
49:09 Bracer
49:39 Ring Archer Armor
48:33 Elite Longbowman
Fat man
9:55 Feudal Age
14:18 Castle Age
12:43 Double-Bit Axe
13:12 Horse Collar
22:53 Forging
25:34 Bloodlines
26:14 Bow Saw
27:29 Wheelbarrow
31:17 Imperial Age
29:00 Heavy Plow
28:52 Gold Mining
29:10 Husbandry
30:30 Iron Casting
29:48 Loom
31:22 Hand Cart
33:01 Two-Man Saw
32:32 Crop Rotation
31:33 Cavalier
32:14 Treadmill Crane
33:25 Scale Barding Armor
33:15 Fletching
34:31 Bodkin Arrow
36:44 Paladin
38:20 Conscription
40:06 Chain Barding Armor
39:46 Stone Mining
42:38 Plate Barding Armor
46:42 Bracer
kkkg
3:50 Double-Bit Axe
12:24 Feudal Age
11:25 Horse Collar
14:16 Bow Saw
16:50 Castle Age
15:03 Heavy Plow
19:03 Forging
18:59 Scale Barding Armor
19:24 Husbandry
18:45 Light Cavalry
29:34 Two-Man Saw
29:47 Wheelbarrow
29:25 Stone Mining
30:58 Hand Cart
31:03 Gold Mining
31:49 Stone Shaft Mining
35:30 Imperial Age
33:36 Burgundian Vineyards
35:32 Loom
35:33 Town Watch
37:14 Chemistry
36:39 Ballistics
36:00 Treadmill Crane
36:31 Masonry
36:25 Padded Archer Armor
36:16 Fletching
37:02 Crop Rotation
36:34 Elite Skirmisher
37:40 Bodkin Arrow
38:01 Leather Archer Armor
38:58 Conscription
38:00 Elite Coustillier
41:47 Architecture
41:50 Bracer
42:26 Iron Casting
42:11 Chain Barding Armor
46:19 Plate Barding Armor
46:45 Blast Furnace
47:23 Gold Shaft Mining
Connection lost

Rejoining the realm…

Still unreachable

The connection could not be restored.

Session expired

The server has moved on; the page needs a fresh start.